SAAA
NAPERVILLE BATTLEKINGS @ SALT LAKE CITY BUZZ
07/28/2028
 
TOP OF THE 1ST
Naperville Battlekings batting - Pitching for Salt Lake City Buzz : RHP Juan Ordóñez
Pitching: RHP Juan Ordóñez
Batting: RHB Zeus Preckwinkle 0-0: Swinging Strike
0-1: Ball
1-1: Ball
2-1: Foul Ball, location: 2F
2-2: Fly out, F9 (Flyball, 9S)
Batting: RHB Sergio Pérez 0-0: Foul Ball, location: 2F
0-1: Swinging Strike
0-2: Ball
1-2: Foul Ball, location: 2F
1-2: Fly out, F9 (Flyball, 9LS)
Batting: LHB Arthur Ryan 0-0: Called Strike
0-1: Foul Ball, location: 2F
0-2: Ball
1-2: Foul Ball, location: 2F
1-2: Foul Ball, location: 2F
1-2: SOLO HOME RUN (Flyball, 78XD), Distance : 435 ft
Batting: LHB Alexis Raimbault 0-0: Ball
1-0: Called Strike
1-1: Called Strike
1-2: Ball
2-2: DOUBLE (Line Drive, 9LM)
Batting: RHB António Guzmán 0-0: Foul Ball, location: 2F
0-1: Called Strike
Alexis Raimbault steals 3rd base
0-2: SINGLE (Groundball, 56D)
Alexis Raimbault scores
Batting: LHB Curtis Peters 0-0: Ball
1-0: Called Strike
1-1: Foul Ball, location: 2F
1-2: Fielders Choice at 2nd, 4-6 (Groundball, 4)
Top of the 1st over - 2 run(s), 3 hit(s), 0 error(s), 0 left on base; Naperville 2 - Salt Lake City 0
BOTTOM OF THE 1ST
Salt Lake City Buzz batting - Pitching for Naperville Battlekings : RHP Ernest Hawks
Pitching: RHP Ernest Hawks
Batting: RHB Alejandro Herrera 0-0: Foul Ball, location: 2F
0-1: Ground out 4-3 (Groundball, 4)
Batting: RHB Jung-hwan Kwon 0-0: Foul Ball, location: 2F
0-1: Ground out 6-3 (Groundball, 6S)
Batting: LHB Qi-zhen Loong 0-0: Ball
1-0: Foul Ball, location: 2F
1-1: Ground out 6-3 (Groundball, 6M)
Bottom of the 1st over - 0 run(s), 0 hit(s), 0 error(s), 0 left on base; Naperville 2 - Salt Lake City 0
TOP OF THE 2ND
Naperville Battlekings batting - Pitching for Salt Lake City Buzz : RHP Juan Ordóñez
Batting: LHB Sam Good 0-0: Called Strike
0-1: Foul Ball, location: 2F
0-2: Ball
1-2: SINGLE (Groundball, 34D)
Batting: RHB Theodore York 0-0: Ball
1-0: Foul Ball, location: 2F
1-1: Ball
2-1: Called Strike
2-2: Foul Ball, location: 2F
2-2: Fly out, F4 (Popup, 4D)
Batting: RHB Pancho Núñez 0-0: Called Strike
0-1: Ball
1-1: Called Strike
1-2: Fly out, F9 (Flyball, 89D)
Batting: RHB Zeus Preckwinkle Pickoff Throw to First - Out!
Top of the 2nd over - 0 run(s), 1 hit(s), 0 error(s), 0 left on base; Naperville 2 - Salt Lake City 0
BOTTOM OF THE 2ND
Salt Lake City Buzz batting - Pitching for Naperville Battlekings : RHP Ernest Hawks
Batting: LHB Yannick Hendriksen 0-0: Called Strike
0-1: Ball
1-1: Ground out 4-3 (Groundball, 4)
Batting: RHB Vicente Cruz 0-0: Ball
1-0: Ground out 6-3 (Groundball, 6)
Batting: LHB Frank Sharp 0-0: Ball
1-0: Ball
2-0: Ball
3-0: Base on Balls
Batting: RHB Thom Wilcox 0-0: Called Strike
0-1: Called Strike
0-2: Ball
1-2: Ball
2-2: Ball
3-2: Foul Ball, location: 2F
3-2: Foul Ball, location: 2F
3-2: SINGLE (Line Drive, 34)
Frank Sharp to second
Frank Sharp to third
Batting: LHB Roberto Soto 0-0: Ball
1-0: Ball
2-0: Foul Ball, location: 2F
2-1: Ball
3-1: Foul Ball, location: 2F
3-2: Fly out, F9 (Flyball, 9LM)
Bottom of the 2nd over - 0 run(s), 1 hit(s), 0 error(s), 2 left on base; Naperville 2 - Salt Lake City 0
TOP OF THE 3RD
Naperville Battlekings batting - Pitching for Salt Lake City Buzz : RHP Juan Ordóñez
Batting: RHB Zeus Preckwinkle 0-0: Ball
1-0: Fly out, F3 (Flyball, 3D)
Batting: RHB Sergio Pérez 0-0: Ball
1-0: Foul Ball, location: 2F
1-1: Called Strike
1-2: Foul Ball, location: 2F
1-2: Ball
2-2: Ball
3-2: Ground out 4-3 (Groundball, 4)
Batting: LHB Arthur Ryan 0-0: Ball
1-0: Ball
2-0: Called Strike
2-1: DOUBLE (Groundball, 5L)
Batting: LHB Alexis Raimbault 0-0: Swinging Strike
0-1: Called Strike
0-2: Ball
1-2: Strikes out swinging
Top of the 3rd over - 0 run(s), 1 hit(s), 0 error(s), 1 left on base; Naperville 2 - Salt Lake City 0
BOTTOM OF THE 3RD
Salt Lake City Buzz batting - Pitching for Naperville Battlekings : RHP Ernest Hawks
Batting: RHB Quigley Gibson 0-0: Ball
1-0: Foul Ball, location: 2F
1-1: Ball
2-1: Swinging Strike
2-2: Strikes out looking
Batting: RHB Alejandro Herrera 0-0: Swinging Strike
0-1: Ball
1-1: Swinging Strike
1-2: Strikes out swinging
Batting: RHB Jung-hwan Kwon 0-0: Ball
1-0: Foul Ball, location: 2F
1-1: Foul Ball, location: 2F
1-2: Ball
2-2: Foul Ball, location: 2F
2-2: DOUBLE (Groundball, 5L)
Batting: LHB Qi-zhen Loong 0-0: Ground out 6-3 (Groundball, 6)
Bottom of the 3rd over - 0 run(s), 1 hit(s), 0 error(s), 1 left on base; Naperville 2 - Salt Lake City 0
TOP OF THE 4TH
Naperville Battlekings batting - Pitching for Salt Lake City Buzz : RHP Juan Ordóñez
Batting: RHB António Guzmán 0-0: Ball
1-0: Fly out, F8 (Line Drive, 8RD)
Now in CF: Ángel Aguilar
Batting: LHB Curtis Peters 0-0: Ball
1-0: Called Strike
1-1: Ball
2-1: Called Strike
2-2: Fly out, F7 (Flyball, 7S)
Batting: LHB Sam Good 0-0: Ball
1-0: Ball
2-0: Called Strike
2-1: Ball
3-1: Fly out, F9 (Flyball, 9LD)
Top of the 4th over - 0 run(s), 0 hit(s), 0 error(s), 0 left on base; Naperville 2 - Salt Lake City 0
BOTTOM OF THE 4TH
Salt Lake City Buzz batting - Pitching for Naperville Battlekings : RHP Ernest Hawks
Batting: LHB Yannick Hendriksen 0-0: Called Strike
0-1: Ground out 4-3 (Groundball, 34)
Batting: LHB Ángel Aguilar 0-0: Ball
1-0: Fly out, F8 (Flyball, 8RXD)
Batting: LHB Frank Sharp 0-0: SINGLE (Line Drive, 6M)
Batting: RHB Thom Wilcox 0-0: Ball
Frank Sharp steals 2nd base
1-0: Ball
2-0: Foul Ball, location: 2F
2-1: Swinging Strike
2-2: Strikes out swinging
Bottom of the 4th over - 0 run(s), 1 hit(s), 0 error(s), 1 left on base; Naperville 2 - Salt Lake City 0
TOP OF THE 5TH
Naperville Battlekings batting - Pitching for Salt Lake City Buzz : RHP Juan Ordóñez
Batting: RHB Theodore York 0-0: Ground out 6-3 (Groundball, 6)
Batting: RHB Pancho Núñez 0-0: Foul Ball, location: 2F
0-1: Called Strike
0-2: Ball
1-2: Foul Ball, location: 2F
1-2: Ball
2-2: Fly out, F9 (Line Drive, 9LS)
Batting: RHB Zeus Preckwinkle 0-0: Called Strike
0-1: Fly out, F4 (Line Drive, 34D)
Top of the 5th over - 0 run(s), 0 hit(s), 0 error(s), 0 left on base; Naperville 2 - Salt Lake City 0
BOTTOM OF THE 5TH
Salt Lake City Buzz batting - Pitching for Naperville Battlekings : RHP Ernest Hawks
Batting: LHB Roberto Soto 0-0: Called Strike
0-1: Ball
1-1: Ball
2-1: Ground out 4-3 (Groundball, 34D)
Batting: RHB Quigley Gibson 0-0: Ball
1-0: Swinging Strike
1-1: Foul Ball, location: 2F
1-2: Fly out, F9 (Flyball, 9LS)
Batting: RHB Alejandro Herrera 0-0: Foul Ball, location: 2F
0-1: Swinging Strike
0-2: Strikes out swinging
Bottom of the 5th over - 0 run(s), 0 hit(s), 0 error(s), 0 left on base; Naperville 2 - Salt Lake City 0
TOP OF THE 6TH
Naperville Battlekings batting - Pitching for Salt Lake City Buzz : RHP Juan Ordóñez
Batting: RHB Sergio Pérez 0-0: Called Strike
0-1: Ball
1-1: Ball
2-1: SINGLE (Line Drive, 7S)
Batting: LHB Arthur Ryan 0-0: Swinging Strike
0-1: Swinging Strike
0-2: Ball
Sergio Pérez is caught stealing 2nd base
1-2: Ball
2-2: Ball
3-2: Ground out U3 (Groundball, 34)
Batting: LHB Alexis Raimbault 0-0: Called Strike
0-1: Ball
1-1: Swinging Strike
1-2: Foul Ball, location: 2F
1-2: Ball
2-2: Ball
3-2: SINGLE (Groundball, 56) (infield hit)
Pitching: RHP Powell Horne
Batting: RHB António Guzmán 0-0: Ball
Alexis Raimbault is caught stealing 2nd base
Top of the 6th over - 0 run(s), 2 hit(s), 0 error(s), 0 left on base; Naperville 2 - Salt Lake City 0
BOTTOM OF THE 6TH
Salt Lake City Buzz batting - Pitching for Naperville Battlekings : RHP Ernest Hawks
Batting: RHB Jung-hwan Kwon 0-0: Fly out, F9 (Flyball, 9)
Batting: LHB Qi-zhen Loong 0-0: Ball
1-0: Called Strike
1-1: Ball
2-1: Called Strike
2-2: Fly out, F8 (Line Drive, 8LS)
Batting: LHB Yannick Hendriksen 0-0: SOLO HOME RUN (Line Drive, 9LD), Distance : 371 ft
Batting: LHB Ángel Aguilar 0-0: Ground out 1-3 (Groundball, 13S)
Bottom of the 6th over - 1 run(s), 1 hit(s), 0 error(s), 0 left on base; Naperville 2 - Salt Lake City 1
TOP OF THE 7TH
Naperville Battlekings batting - Pitching for Salt Lake City Buzz : RHP Powell Horne
Batting: RHB António Guzmán 0-0: Called Strike
0-1: SINGLE (Groundball, 4D)
Batting: LHB Curtis Peters 0-0: Ball
1-0: Bunted foul
1-1: Ball
2-1: Bunted foul
2-2: SINGLE (Groundball, 6MD)
António Guzmán to second
Batting: LHB Sam Good 0-0: Sac Bunt - play at third, runner OUT -> throw to first, DP!
Curtis Peters to second
Batting: RHB Theodore York 0-0: Swinging Strike
0-1: Fly out, F8 (Line Drive, 8LM)
Top of the 7th over - 0 run(s), 2 hit(s), 0 error(s), 1 left on base; Naperville 2 - Salt Lake City 1
BOTTOM OF THE 7TH
Salt Lake City Buzz batting - Pitching for Naperville Battlekings : RHP Ernest Hawks
Batting: LHB Frank Sharp 0-0: Called Strike
0-1: Ball
1-1: Ball
2-1: Fly out, F8 (Flyball, 8LS)
Batting: RHB Thom Wilcox 0-0: Foul Ball, location: 2F
0-1: Ball
1-1: Called Strike
1-2: Ball
2-2: Foul Ball, location: 2F
2-2: Ball
3-2: SINGLE (Line Drive, 56)
Pinch Runner at 1st Pablo Coloa:
Batting: LHB Roberto Soto 0-0: Swinging Strike
0-1: Called Strike
Pablo Coloa steals 2nd base
0-2: Ball
1-2: Ball
2-2: Ball
3-2: Foul Ball, location: 2F
3-2: Base on Balls
Batting: RHB Quigley Gibson 0-0: Called Strike
0-1: Ball
1-1: Called Strike
1-2: Ball
2-2: Ball
3-2: Base on Balls
Pablo Coloa to third
Roberto Soto to second
Pinch Hitting: RHB Justin MacPherson 0-0: Ball
1-0: Ball
2-0: Called Strike
2-1: Called Strike
2-2: TRIPLE (Line Drive, 8LXD)
Pablo Coloa scores
Roberto Soto scores
Quigley Gibson scores
Batting: RHB Jung-hwan Kwon 0-0: SINGLE (Groundball, 4MD)
Justin MacPherson scores
Batting: LHB Qi-zhen Loong 0-0: Fly out, F9 (Flyball, 9LM)
Batting: LHB Yannick Hendriksen 0-0: Ball
1-0: Swinging Strike
1-1: Swinging Strike
1-2: Ball
2-2: Ball
3-2: Ground out 6-3 (Groundball, 6)
Bottom of the 7th over - 4 run(s), 3 hit(s), 0 error(s), 1 left on base; Naperville 2 - Salt Lake City 5
TOP OF THE 8TH
Naperville Battlekings batting - Pitching for Salt Lake City Buzz : RHP Powell Horne
Now at SS: Justin MacPherson
Now in RF: Gustavo Berrios
Batting: RHB Pancho Núñez 0-0: Ball
1-0: Ball
2-0: Foul Ball, location: 2F
2-1: Ball
3-1: Foul Ball, location: 2F
3-2: Base on Balls
Pitching: RHP Rick Kennedy
Batting: RHB Zeus Preckwinkle 0-0: Called Strike
0-1: Ball
1-1: Foul Ball, location: 2F
1-2: Ball
2-2: Strikes out swinging
Batting: RHB Sergio Pérez 0-0: Called Strike
0-1: Ball
1-1: Ball
2-1: Fly out, F7 (Flyball, 7)
Pitching: LHP Roberto De La Cruz
Batting: LHB Arthur Ryan 0-0: Ball
1-0: Foul Ball, location: 2F
1-1: Called Strike
1-2: Foul Ball, location: 2F
1-2: Ball
2-2: Strikes out swinging
Top of the 8th over - 0 run(s), 0 hit(s), 0 error(s), 1 left on base; Naperville 2 - Salt Lake City 5
BOTTOM OF THE 8TH
Salt Lake City Buzz batting - Pitching for Naperville Battlekings : RHP Ernest Hawks
Batting: LHB Ángel Aguilar 0-0: Ball
1-0: Called Strike
1-1: Foul Ball, location: 2F
1-2: Ball
2-2: Strikes out swinging
Batting: LHB Frank Sharp 0-0: Foul Ball, location: 2F
0-1: Ball
1-1: Foul Ball, location: 2F
1-2: Strikes out swinging
Batting: RHB Gustavo Berrios 0-0: Called Strike
0-1: Ball
1-1: Called Strike
1-2: Ball
2-2: Fly out, F9 (Flyball, 89M)
Bottom of the 8th over - 0 run(s), 0 hit(s), 0 error(s), 0 left on base; Naperville 2 - Salt Lake City 5
TOP OF THE 9TH
Naperville Battlekings batting - Pitching for Salt Lake City Buzz : LHP Roberto De La Cruz
Pitching: RHP Luis Bejarano
Batting: LHB Alexis Raimbault 0-0: Ball
1-0: Ball
2-0: Called Strike
2-1: Ground out U3 (Groundball, 34S)
Batting: RHB António Guzmán 0-0: Ball
1-0: Ball
2-0: Fly out, F6 (Line Drive, 6)
Batting: LHB Curtis Peters 0-0: Called Strike
0-1: Ball
1-1: Foul Ball, location: 2F
1-2: Ball
2-2: SINGLE (Flyball, 78S)
Batting: LHB Sam Good 0-0: Ball
1-0: Swinging Strike
1-1: Swinging Strike
1-2: Strikes out swinging
Top of the 9th over - 0 run(s), 1 hit(s), 0 error(s), 1 left on base; Naperville 2 - Salt Lake City 5
Monday, August 21st, 2017 - OOTP Baseball 17.12 Build 75